 Dungeon Crawl Stone Soup version 0.28.0-45-g0d030f2227 (webtiles) character file.

Game seed: 6542659131727904815

9 NinjaNoafa the Chopper (level 2, 0/27 HPs)
             Began as a Hill Orc Monk on Apr 20, 2022.
             Slain by a jackal (2 damage)
             ... on level 1 of the Dungeon.
             The game lasted 00:00:52 (156 turns).

NinjaNoafa the Chopper (Hill Orc Monk)               Turns: 156, Time: 00:00:52

Health: 0/27       AC:  2    Str: 13    XL:     2   Next: 16%
Magic:  2/2        EV: 12    Int: 10    God:
Gold:   0          SH:  0    Dex: 13    Spells: 1/1 levels left

rFire   . . .      SeeInvis .   a - +0 hand axe
rCold   . . .      Faith    .   (no shield)
rNeg    . . .      Spirit   .   b - +0 robe
rPois   .          Reflect  .   (no helmet)
rElec   .          Harm     .   (no cloak)
rCorr   .          Rampage  .   (no gloves)
Will    .....                   (no boots)
Stlth   ++........              (no amulet)
HPRegen 0.09/turn               (no ring)
MPRegen 0.08/turn               (no ring)

@: no status effects
A: no striking features
a: no special abilities


You were on level 1 of the Dungeon.
You visited 1 branch of the dungeon, and saw 1 of its levels.

Inventory:

Hand Weapons
 a - a +0 hand axe (weapon)
Missiles
 e - 18 stones (quivered)
Armour
 b - a +0 robe (worn)
Scrolls
 d - a scroll of identify


   Skills:
 + Level 3.8 Fighting
 + Level 4.2 Axes
 + Level 2.5 Dodging
 + Level 1.8 Stealth


You had one spell level left.
You didn't know any spells.
Your spell library was empty.

Dungeon Overview and Level Annotations

Branches:
Dungeon (1/15)

Altars:


Message History

The jackal is almost dead.
The jackal bites you. x2
Throw: 20 stones
Press: ? - help, Q - select action Shift-Dir - straight line, f/p - jackal
Aim: a jackal (almost dead, 50% to hit)
You throw a stone. The stone barely misses the jackal.
The stone hits the goblin but does no damage.
The jackal bites you. The jackal barely misses you.
The jackal closely misses you. The jackal barely misses you.
You hit the quokka but do no damage. You barely miss the jackal.
You closely miss the jackal. The quokka closely misses you.
The jackal bites you but does no damage.
The jackal bites you.
The quokka bites you but does no damage.
Throw: 19 stones
Press: ? - help, Q - select action Shift-Dir - straight line, f - quokka, p - jackal
Aim: a quokka (46% to hit)
You throw a stone.
The stone hits the quokka but does no damage.
The jackal barely misses you. The jackal completely misses you.
The quokka barely misses you. The jackal barely misses you.
The jackal bites you but does no damage.
You hit the jackal.
You kill the jackal!
You barely miss the jackal. You closely miss the quokka. The jackal bites you.
The quokka bites you.
A bat comes into view.
The quokka bites you. The jackal completely misses you. The quokka bites you.
* * * LOW HITPOINT WARNING * * *
The bat moves out of view.
The quokka closely misses you. The jackal closely misses you.
You aren't carrying any potions.
As you read the scroll labelled BOUSA BAWNO, it crumbles to dust.
It is a scroll of identify.
You don't have any unidentified items.
The jackal closely misses you. The quokka bites you.
* * * LOW HITPOINT WARNING * * *
The jackal bites you.
You die...

.....?.# #.....$###
#......... ###......#
.........# .#.......#
#........############
#.#.####.##†..#h.!..#
.....(...†(((Srh@..#
..#.###.#..##..r......#
.##..
#.#.##.[.g........ .
###.#......#........##
.......##...#####..
##....###...# # .....#
....# ........#..##
........


You could see 2 quokkas, 2 jackals, a goblin and a ball python.

Vanquished Creatures
  A goblin (D:1)
  A jackal (D:1)
  3 quokkas (D:1)
  A ball python (D:1)
  A frilled lizard (D:1)
  2 rats (D:1)
9 creatures vanquished.

Notes
Turn   | Place    | Note
-------+----------+-------------------------------------------
     0 | D:1      | NinjaNoafa the Hill Orc Monk began the quest for the Orb.
     0 | D:1      | Reached XP level 1. HP: 19/19 MP: 1/1
    57 | D:1      | Found a faded altar of an unknown god.
   142 | D:1      | Reached XP level 2. HP: 27/27 MP: 2/2
   156 | D:1      | Slain by a jackal

Illustrated notes

Levels and vault maps discovered:
D:1:      sevenhm_arrival_forest_fort_small_4, layout_rooms, serial_aquarium,
          aquarium_bridge_square [aquarium_subvault_bridge,
          aquarium_subvault_wall, aquarium_subvault_bridge,
          aquarium_subvault_bridge], aquarium_window_corridor_3,
          aquarium_window_fake, aquarium_window_2, aquarium_view_2f,
          aquarium_view_2b, basic_ecumenical_altar, lemuel_flame_loot_1

Action                   || total
-------------------------++-------
Melee: Hand axe          ||    14
Throw: Dart              ||     6
       Stone             ||     3
  Use: Scroll            ||     1
Armor: Robe              ||     7
Dodge: Dodged            ||    30
